 Dungeon Crawl Stone Soup version 0.29.1-15-g9cfb28693d (webtiles) character file.

Game seed: 14030205875676650873

3298 hawla the Thaumaturge (level 10, -6/73 HPs)
             Began as a Meteoran Ice Elementalist on Mar 27, 2023.
             Was a Believer of Vehumet.
             Mangled by a troll (9 damage)
             ... on level 9 of the Dungeon.
             The game lasted 00:13:39 (2257 turns).

hawla the Thaumaturge (Meteoran Ice Elementalist)   Turns: 2257, Time: 00:13:39

Health: -6/73      AC:  4    Str: 11    XL:     10   Next: 44%
Magic:  1/25       EV: 18    Int: 21    God:    Vehumet [**....]
Gold:   154        SH:  0    Dex: 14    Spells: 21/29 levels left

rFire   . . .      SeeInvis .   f - +4 dagger (vorpal)
rCold   . . .      Faith    .   (no shield)
rNeg    . . .      Spirit   .   a - +1 robe
rPois   .          Reflect  .   (no helmet)
rElec   .          Harm     .   e - +0 cloak
rCorr   .          Rampage  .   (no gloves)
Will    +....                   (no boots)
Stlth   +.........              (no amulet)
HPRegen 0.22/turn               w - +4 ring of evasion
MPRegen 0.19/turn               (no ring)

@: mighty, freezing walls, glowing
A: sense surroundings 2, otherworldly, glowing, explore regen
a: Renounce Religion


You were on level 9 of the Dungeon.
You worshipped Vehumet.
Vehumet was pleased with you.
You visited 2 branches of the dungeon, and saw 10 of its levels.

You collected 154 gold pieces.

Inventory:

Hand Weapons
 f - a +4 vorpal dagger (weapon)
Armour
 a - a +1 robe (worn)
 e - a +0 cloak (worn)
Jewellery
 q - a ring of fire
 s - a +6 ring of intelligence
 w - a +4 ring of evasion (left hand)
Wands
 h - a wand of iceblast (2) (quivered)
Scrolls
 k - a scroll of enchant armour
 o - a scroll of amnesia
 t - a scroll of brand weapon
Potions
 d - a potion of might
 i - a potion of haste
 j - 3 potions of mutation {unknown}
 l - a potion of cancellation {unknown}
 n - 2 potions of brilliance {unknown}
 r - a potion of attraction {unknown}
 u - a potion of degeneration {unknown}
 v - a potion of invisibility {unknown}


   Skills:
 + Level 2.2 Fighting
 + Level 3.1 Short Blades
 + Level 4.7 Dodging
 - Level 1.4 Stealth
 + Level 10.1 Spellcasting
 + Level 6.5 Conjurations
 + Level 9.4 Ice Magic
 + Level 3.0 Evocations


You had 21 spell levels left.
You knew the following spells:

 Your Spells              Type           Power      Damage    Failure   Level
a - Freeze                Ice            100%       1d11      1%          1
b - Frozen Ramparts       Ice            100%       1d16      1%          3
c - Hailstorm             Conj/Ice       44%        3d10      2%          4

Your spell library contained the following spells:

 Spells                   Type           Power      Damage    Failure   Level
 Poisonous Vapours        Pois/Air       20%        N/A       10%         2
 Foxfire                  Conj/Fire      96%        2x1d8     1%          1
 Ozocubu's Armour         Ice            50%        N/A       1%          3
 Conjure Flame            Conj/Fire      24%        6-21      4%          3
 Dazzling Flash           Conj/Hex       48%        N/A       4%          3
 Flame Wave               Conj/Fire      24%        2d8       17%         4
 Inner Flame              Hex/Fire       10%        N/A       19%         3
 Agony                    Necr           10%        N/A       87%         5
 Silence                  Hex/Air        5%         N/A       87%         5


Dungeon Overview and Level Annotations

Branches:
Dungeon (9/15) Zot: 3162   Temple (1/1) D:5 Zot: 585
   Lair: D:8-11         Orc: D:9-12

Altars:
Elyvilon
Makhleb
Trog
Uskayaw
Vehumet
Wu Jian
Zin
The Shining One


Innate Abilities, Weirdness & Mutations

You passively map the area around you.
You are easily found by Zot.
You glow in the dark.
You regain HP and MP as you explore.


Message History

The orc seems to regain its courage.
A troll comes into view.
The frozen ramparts melt away.
Casting: Hailstorm (mildly dangerous; 2% risk of failure)
Confirm with . or Enter, or press ? or * to list all spells.
Casting: Frozen Ramparts (safe; 1% risk of failure)
Press: ? - help, Dir - look around, f - activate The walls around you are covered in ice.
The wall freezes the orc.
The wall freezes the orc.
You kill the orc!
Vehumet accepts your kill.
Casting: Frozen Ramparts (safe; 1% risk of failure)
Confirm with . or Enter, or press ? or * to list all spells.
Aiming: Freeze (safe; 1% risk of failure)
Press: ? - help, Shift-Dir - straight line, f - troll
Aim: a troll You freeze the troll!
The troll is moderately wounded.
The wall freezes the troll.
The troll bites you.
* * * LOW HITPOINT WARNING * * *
The troll claws you!
* * * LOW HITPOINT WARNING * * *
The troll claws you.
* * * LOW HITPOINT WARNING * * *
Casting: Freeze (safe; 1% risk of failure)
Confirm with . or Enter, or press ? or * to list all spells.
Aiming: Freeze (safe; 1% risk of failure)
Press: ? - help, Shift-Dir - straight line, f/p - troll
Aim: a troll (moderately wounded)
You freeze the troll.
The troll is heavily wounded.
The wall freezes the troll.
The troll bites you but does no damage. The troll claws you.
* * * LOW HITPOINT WARNING * * *
The troll claws you but does no damage.
You feel very mighty all of a sudden.
You feel less wooden.
Your +0 cloak unmelds from your body.
Your +1 robe unmelds from your body.
The wall freezes the troll.
The troll bites you!
You die...

, * , * , ,, *,
, * , , ,,*, , ,
, + , * * , , ,
, ** * + , ,,, ,
, ,,, , , ,,, ,,
** *## * , *
##)## * * ,
,#@.)# , ,
....))T).))...#,
~
....).))......'
,
,.....)...))...#
..#...#...#...#
~ *
8*##8###.###8##
*** ## ## ##


You could see a troll.

Vanquished Creatures
  A two-headed ogre (D:7)
  6 yaks (D:8)
  6 orc warriors
  A sky beast (D:8)
  An ogre (D:4)
  2 black bears (D:8)
  A phantom (D:4)
  2 scorpions (D:5)
  3 gnoll boudas
  3 orc priests
  5 iguanas
  6 orc wizards
  14 gnolls
  3 adders
  2 shadow imps
  2 white imps
  A worm (D:4)
  2 dart slugs (D:4)
  25 orcs
  2 endoplasms
  A giant cockroach (D:4)
  A goblin (D:1)
  3 hobgoblins
  4 jackals (D:5)
  A kobold (D:1)
  3 quokkas
  2 ball pythons
  4 bats
  2 rats (D:1)
109 creatures vanquished.

Notes
Turn   | Place    | Note
-------+----------+-------------------------------------------
     0 | D:1      | hawla the Meteoran Ice Elementalist began the quest for the
                  | Orb.
     0 | D:1      | Reached XP level 1. HP: 14/14 MP: 5/5
    64 | D:1      | Reached XP level 2. HP: 13/20 MP: 0/6
   112 | D:2      | Found a faded altar of an unknown god.
   137 | D:2      | Reached skill level 5 in Ice Magic
   216 | D:4      | Reached XP level 3. HP: 21/26 MP: 8/8
   220 | D:4      | Learned a level 3 spell: Frozen Ramparts
   274 | D:4      | Reached skill level 3 in Spellcasting
   282 | D:4      | Reached XP level 4. HP: 12/33 MP: 2/10
   288 | D:4      | Learned a level 4 spell: Hailstorm
   412 | D:4      | Reached skill level 1 in Conjurations
   555 | D:4      | Reached XP level 5. HP: 34/38 MP: 4/11
   621 | D:4      | Noticed an ogre
   626 | D:4      | Killed an ogre
   627 | D:4      | Reached skill level 5 in Conjurations
   627 | D:4      | Reached XP level 6. HP: 43/45 MP: 0/12
   773 | D:4      | Reached XP level 7. HP: 43/50 MP: 5/13
   910 | D:5      | Entered Level 5 of the Dungeon
   937 | D:5      | Reached skill level 1 in Short Blades
   937 | D:5      | Reached skill level 4 in Spellcasting
  1101 | D:5      | Found a staircase to the Ecumenical Temple.
  1112 | Temple   | Entered the Ecumenical Temple
  1119 | Temple   | Became a worshipper of Vehumet
  1205 | D:6      | Reached skill level 5 in Spellcasting
  1205 | D:6      | Reached XP level 8. HP: 36/58 MP: 0/16
  1300 | D:7      | Noticed a two-headed ogre
  1310 | D:7      | Killed a two-headed ogre
  1311 | D:7      | Reached skill level 1 in Fighting
  1311 | D:7      | Reached skill level 7 in Spellcasting
  1311 | D:7      | Gained mutation: You passively map the area around you.
                  | [Meteoran growth]
  1311 | D:7      | Reached XP level 9. HP: 23/64 MP: 2/20
  1419 | D:7      | Found a bloodstained altar of Trog.
  1746 | D:8      | Reached * piety under Vehumet
  1746 | D:8      | Offered knowledge of Magic Dart by Vehumet.
  1756 | D:8      | Reached skill level 8 in Spellcasting
  1864 | D:8      | HP: 1/64 [yak (10)]
  1867 | D:8      | Reached skill level 9 in Spellcasting
  1867 | D:8      | Reached XP level 10. HP: 21/73 MP: 2/24
  2232 | D:9      | Offered knowledge of Poisonous Vapours by Vehumet.
  2232 | D:9      | Reached ** piety under Vehumet
  2239 | D:9      | Reached skill level 10 in Spellcasting
  2256 | D:9      | HP: 5/109 [troll (2)]
  2257 | D:9      | Mangled by a troll

Illustrated notes

Levels and vault maps discovered:
D:1:      wander_arrival_abandoned_jail, layout_rooms
D:2:      minmay_skewed_foursquare, layout_loops_ring,
          hellmonk_ecumenical_altar_slurped_away, grunt_decor_clamped,
          uniq_terence
D:3:      cheibrodos_pilgrimage, layout_loops_cross,
          lemuel_coloured_pillars_altar, serial_shops,
          nicolae_shop_hallway_plus, minmay_quadrilaterals
D:4:      layout_cave_pods
D:5:      layout_rooms, nicolae_overflow_two_pavilions,
          minmay_temple_entry_crystal_x, serial_shops, nicolae_shop_crystal,
          chequers_serial_rivers_micro_c
D:6:      layout_loops_ring, minmay_fractal_squares_diagonal_5
D:7:      layout_cave_pools, nzn_overflow_gifts_of_might_and_magic
D:8:      layout_basic
D:9:      hangedman_screamer, layout_irregular_city, david_lair_generic,
          david_orc_4
Temple:   nicolae_temple_ecumenical_triangle

Skill      XL: |  1  2  3  4  5  6  7  8  9 10 |
---------------+-------------------------------+-----
Ice Magic      | 5 6 7 8 9 |  9.4
Spellcasting   | 3 5 7 9 10 | 10.1
Conjurations   | 1 5 6 |  6.5
Short Blades   | 1 2 3 |  3.1
Dodging        | 3 4 |  4.7
Fighting       | 1 2 |  2.2
Evocations     | 3 |  3.0
Stealth        | |  1.4

Action                   |  1- 3 |  4- 6 |  7- 9 | 10-12 || total
-------------------------+-------+-------+-------+-------++-------
Melee: Dagger            |    18 |    26 |    32 |       ||    76
       Punch             |       |       |     1 |       ||     1
 Cast: Freeze            |    23 |     5 |    31 |    11 ||    70
       Frozen Ramparts   |     2 |     3 |    22 |     3 ||    30
       Hailstorm         |       |     5 |    24 |     5 ||    34
  Use: Potion            |     1 |     1 |     2 |     3 ||     7
       Scroll            |       |       |    12 |     4 ||    16
 Stab: Sleeping          |     1 |       |       |       ||     1
Armor: Robe              |     9 |     9 |    10 |     1 ||    29
       Skin              |       |       |       |     7 ||     7
Dodge: Dodged            |    34 |    14 |    46 |     6 ||   100
